Map: Dusk Towers

Players

FireCake

  • Race: Zerg Zerg
  • League: Grandmaster

MyuNgSiK - Winner!

  • Race: Protoss Protoss

Event: Gauntlet LotV Series 1 Qualifier 2

VOD

Have the link to the VOD?

Description

Time

  • Played on: Dec. 5, 2015, 4:09 p.m.
  • Length: 9:08

All games in this series

Show
View Real Time Build Order
Export as new Build Order

FireCake Zerg 

Build Orders: 3 Hatch before Pool 

Get SALT Encoding   

  12  0:01  Drone  
  13  0:08  Drone  
  14  0:16  Overlord  
  14  0:23  Drone, Extractor  
  16  0:35  Drone x2  
  17  0:54  Hatchery, Drone  
  17  1:15  Hatchery  
  17  1:16  Drone  
  17  1:19  Extractor  
  17  1:22  Drone  
  17  1:25  Drone  
  17  1:31  Drone  
  19  1:44  Drone, Spawning Pool  
  19  1:50  Drone  
  20  1:59  Drone  
  21  2:07  Drone  
  22  2:13  Drone  
  23  2:19  Drone  
  24  2:30  Queen  
  24  2:31  Queen x2  
  24  2:34  Metabolic Boost  
  30  2:39  Overlord  
  30  2:45  Zergling x6  
  30  2:47  Zergling x2  
  34  2:52  Drone, Extractor x2  
  34  2:53  Drone  
  34  2:57  Overlord  
  36  3:04  Drone  
  36  3:05  Drone x3  
  40  3:15  Drone  
  40  3:17  Overlord  
  40  3:18  Drone x2  
  43  3:24  Drone x2  
  43  3:26  Drone  
  46  3:32  Overlord  
  46  3:36  Drone  
  47  3:41  Extractor  
  47  3:44  Zergling x2  
  47  3:46  Drone x2  
  47  3:47  Drone x4  
  47  3:48  Drone x3  
  56  3:51  Spore Crawler  
  56  3:54  Drone  
  56  3:55  Spore Crawler  
  55  3:57  Spore Crawler  
  55  3:59  Overlord  
  55  4:00  Drone  
  55  4:04  Overlord  
  55  4:06  Drone x2  
  57  4:15  Drone  
  57  4:16  Drone x4  
  62  4:20  Roach Warren  
  62  4:23  Drone x4  
  62  4:24  Drone  
  66  4:26  Drone  
  66  4:29  Lair  
  67  4:33  Evolution Chamber  
  67  4:34  Drone x2  
  67  4:37  Extractor  
  67  4:38  Extractor  
  66  4:41  Extractor  
  66  4:42  Drone x4  
  69  4:49  Extractor  
  69  4:51  Drone x6  
  69  4:52  Drone x2  
  76  4:53  Drone  
  76  4:57  Overlord  
  76  4:58  Overlord  
  77  5:08  Hatchery  
  72  5:17  Drone x7  
  79  5:29  Glial Reconstitution  
  79  5:30  Zerg Missile Weapons Level 1, Spire  
  79  5:33  Roach x3  
  84  5:39  Drone x2  
  84  5:40  Drone  
  84  5:42  Drone x2  
  86  5:50  Roach  
  86  5:51  Roach x5  
  86  5:56  Overlord x2  
  86  5:57  Overlord x3  
  98  6:01  Overlord  
  98  6:16  Drone x4, Hydralisk Den  
  100  6:32  Drone x9  
  109  6:35  Overlord x2  
  109  6:46  Extractor  
  108  6:49  Spore Crawler x2  
  108  6:51  Extractor  
  101  6:56  Corruptor x7  
  101  6:59  Drone  
  101  7:00  Drone x4  
  120  7:01  Drone  
  120  7:04  Drone x2  
  120  7:05  Drone  
  124  7:11  Zerg Flyer Weapons Level 1, Lurker Den  
  124  7:19  Drone x8  
  132  7:25  Overlord x2  
  132  7:42  Hydralisk x5  
  132  7:43  Hydralisk x2  
  140  7:55  Overlord x2  
  140  7:58  Overlord, Hydralisk x2  
  140  8:01  Hatchery  
  143  8:07  Hydralisk x2  
  143  8:16  Hydralisk x2  
  143  8:17  Hydralisk x5  
  157  8:23  Drone  
  157  8:24  Overlord x2  
  158  8:40  Hydralisk x7  
  162  8:47  Hatchery  
Show
View Real Time Build Order
Export as new Build Order

MyuNgSiK Protoss - Winner!

Build Orders: 1 Gate Expand 

Get SALT Encoding   

  12  0:01  Probe (Chrono Boost)  
  13  0:12  Probe (Chrono Boost)  
  14  0:17  Pylon  
  14  0:22  Probe (Chrono Boost)  
  16  0:35  Probe (Chrono Boost)  
  16  0:38  Gateway  
  16  0:43  Assimilator  
  16  0:46  Probe (Chrono Boost)  
  17  0:57  Probe (Chrono Boost)  
  18  1:07  Probe (Chrono Boost)  
  19  1:18  Probe (Chrono Boost)  
  20  1:21  Nexus  
  20  1:31  Cybernetics Core  
  20  1:36  Probe (Chrono Boost)  
  21  1:41  Assimilator  
  21  1:46  Probe (Chrono Boost)  
  22  1:52  Pylon  
  22  1:57  Probe (Chrono Boost)  
  23  2:09  Warp Gate  
  23  2:10  Probe (Chrono Boost), Adept  
  26  2:21  Probe (Chrono Boost)  
  27  2:23  Robotics Facility  
  27  2:31  Probe (Chrono Boost)  
  27  2:34  Probe (Chrono Boost)  
  29  2:37  Adept  
  29  2:42  Probe (Chrono Boost)  
  32  2:44  Probe (Chrono Boost)  
  33  2:52  Probe (Chrono Boost)  
  33  2:55  Probe (Chrono Boost)  
  35  3:03  Probe (Chrono Boost)  
  36  3:06  Probe (Chrono Boost)  
  37  3:13  Probe (Chrono Boost), Robotics Bay  
  37  3:16  Probe (Chrono Boost), Warp Prism  
  41  3:22  Pylon  
  41  3:27  Probe x2 (Chrono Boost)  
  43  3:34  Gateway  
  43  3:37  Probe x2 (Chrono Boost)  
  43  3:40  Assimilator  
  43  3:41  Assimilator  
  45  3:48  Probe x2 (Chrono Boost)  
  47  3:55  Disruptor  
  47  3:58  Probe x2 (Chrono Boost)  
  47  4:00  Gravitic Drive (Chrono Boost)  
  52  4:06  Pylon  
  52  4:08  Pylon  
  52  4:10  Mothership Core  
  54  4:25  Probe  
  54  4:29  Adept x2  
  54  4:30  Observer  
  59  4:31  Probe  
  59  4:37  Probe  
  62  4:41  Nexus  
  62  4:43  Probe  
  62  4:45  Pylon  
  63  4:48  Pylon  
  63  4:49  Probe  
  64  4:53  Stargate  
  64  4:54  Stargate  
  64  4:57  Probe  
  65  5:01  Probe  
  65  5:02  Observer  
  67  5:10  Probe  
  67  5:13  Probe  
  69  5:19  Forge  
  69  5:21  Twilight Council  
  69  5:22  Probe  
  69  5:25  Probe  
  71  5:29  Gateway  
  71  5:30  Gateway  
  71  5:34  Probe  
  72  5:37  Probe  
  73  5:42  Gateway  
  73  5:43  Phoenix (Chrono Boost)  
  73  5:44  Gateway  
  73  5:46  Probe  
  73  5:47  Phoenix (Chrono Boost)  
  73  5:49  Probe  
  79  5:51  Probe  
  79  5:52  Protoss Ground Weapons Level 1  
  79  5:57  Pylon  
  80  5:58  Probe  
  80  6:01  Probe  
  80  6:02  Blink (Chrono Boost)  
  82  6:11  Phoenix x2 (Chrono Boost)  
  86  6:23  Probe  
  86  6:24  Probe  
  86  6:25  Probe  
  89  6:26  Assimilator  
  89  6:30  Assimilator  
  89  6:31  Gateway  
  89  6:33  Gateway  
  89  6:35  Stalker x3  
  89  6:36  Stalker  
  89  6:39  Pylon  
  97  6:43  Pylon  
  97  6:45  Pylon  
  97  6:55  Stalker x2  
  97  6:56  Probe x2  
  97  7:00  Pylon  
  103  7:02  Pylon x2  
  103  7:07  Stalker x3  
  103  7:08  Stalker  
  111  7:20  Stalker x2  
  115  7:35  Pylon  
  115  7:37  Stalker x4, Warp Prism (Chrono Boost)  
  115  7:40  Stalker x2  
  121  7:54  Stalker x4  
  129  8:00  Stalker x4  
  137  8:15  Pylon  
  137  8:22  Probe  
  138  8:27  Stalker x8  
  154  8:34  Probe  
  148  8:53  Stalker x8  
Tags
 
Add a new tag
Caveats
  • Supply blocks, unpowered buildings, or Contaminate may cause inaccurate times.
  • Supply counts are checked every 10 seconds.